 Dungeon Crawl Stone Soup version 0.17.0 (webtiles) character file.

1338 imganon the Cleaver (level 8, -1/58 HPs)
             Began as a Demonspawn Berserker on Nov 6, 2015.
             Was an Elder of Trog.
             Splashed by a jelly's acid (6 damage)
             ... on level 8 of the Dungeon.
             The game lasted 00:10:21 (4989 turns).

imganon the Cleaver (Demonspawn Berserker)          Turns: 4989, Time: 00:10:21

Health: -1/58      AC: -8    Str: 19    XL:     8   Next: 35%
Magic:  8/8        EV:  6    Int: 10    God:    Trog [****..]
Gold:   354        SH:  0    Dex: 10    Spells: 0 memorised, 7 levels left

rFire  . . .     SeeInvis .     a - +0 hand axe
rCold  . . .     Clarity  .     x - +0 plate armour
rNeg   . . .     SustAt   +     (no shield)
rPois  .         Gourm    .     (no helmet)
rElec  .         Spirit   .     g - +0 cloak
rCorr  .         Warding  .     (no gloves)
rMut   .         Stasis   .     w - +0 pair of boots
MR     +....                    (no amulet)
Stlth  ..........               b - ring of protection from magic
                                f - ring of sustain attributes

@: corroded equipment, somewhat resistant to hostile enchantments, extremely
unstealthy
A: claws 1, rough black scales 2, powered by death 1
a: Berserk, Trog's Hand, Brothers in Arms, Burn Spellbooks, Renounce Religion


You were on level 8 of the Dungeon.
You worshipped Trog.
Trog was greatly pleased with you.
You were very hungry.

You visited 1 branch of the dungeon, and saw 7 of its levels.

You collected 354 gold pieces.

Inventory:

Hand Weapons
 a - a +0 hand axe (weapon)
Armour
 g - a +0 cloak (worn)
 w - a +0 pair of boots (worn)
 x - a +0 plate armour (worn)
Jewellery
 b - a ring of protection from magic (right claw)
 f - a ring of sustain attributes (left claw)
 y - a cursed amulet of inaccuracy {unknown}
Wands
 d - a wand of teleportation (1)
 s - a wand of magic darts (20)
 v - a wand of flame (15)
 C - a wand of slowing (29)
Scrolls
 e - 2 scrolls of enchant weapon {unknown}
 h - 2 scrolls of blinking {unknown}
 i - 9 scrolls of identify {unknown}
 j - 5 scrolls of remove curse {unknown}
 k - a scroll of recharging {unknown}
 n - 3 scrolls of immolation {unknown}
 p - 2 scrolls of enchant armour {unknown}
 r - 4 scrolls of teleportation {unknown}
 z - a scroll of random uselessness {unknown}
 D - 2 scrolls of fear {unknown}
 E - a scroll of noise {unknown}
 F - a scroll of fog {unknown}
Potions
 m - 3 potions of agility
 o - a potion of magic
 q - a potion of curing
 t - a potion of haste {unknown}
Books
 B - a book of Burglary

   Spells                             Type                      Level
   a - Swiftness                      Charms/Air                   2
   b - Passwall                       Transmutation/Earth          3
   c - Passage of Golubria            Translocation                4
   d - Lee's Rapid Deconstruction     Earth                        5
   e - Darkness                       Hexes                        6
   f - Invisibility                   Hexes                        6
   Trog disapproves of the use of such an item.
Comestibles
 c - 4 bread rations
 l - 2 fruits
 u - 2 meat rations


   Skills:
 - Level 3.0 Fighting
 + Level 9.2 Axes
 - Level 1.7 Armour
 - Level 1.7 Dodging
 + Level 3.0 Stealth
 + Level 0.6 Evocations


You had 7 spell levels left.
You didn't know any spells.

Dungeon Overview and Level Annotations

Branches:
Dungeon (8/15)             Temple (0/1) D:6
   Lair: D:8-11

Altars:
Dithmenos
Kikubaaqudgha
Makhleb
Nemelex Xobeh
Ru
Trog


Innate Abilities, Weirdness & Mutations

You have sharp fingernails.
You are mostly covered in rough black scales (AC +7, Dex -2).
You regenerate a little health from kills.


Message History

The jelly is almost dead.
The jelly hits you.
* * * LOW HITPOINT WARNING * * *
You are splashed with acid!
The acid burns!
* * * LOW HITPOINT WARNING * * *
Drink which item? (? for menu, Esc to quit)
You feel better. The jelly hits you.
* * * LOW HITPOINT WARNING * * *
You are splashed with acid!
The acid corrodes you!
The acid burns!
* * * LOW HITPOINT WARNING * * *
Drink which item? (? for menu, Esc to quit)
You feel better. The jelly hits you.
* * * LOW HITPOINT WARNING * * *
You are splashed with acid!
The acid corrodes you!
The acid burns!
* * * LOW HITPOINT WARNING * * *
Drink which item? (? for menu, Esc to quit)
You feel better.
The crimson imp blinks!
The jelly hits you.
* * * LOW HITPOINT WARNING * * *
You are splashed with acid!
The acid corrodes you!
The acid burns!
You die...

##..........
#...........
#...........
#...(.5.....
#...........
##..)....!.#
##......[##
#......###
##.@#####
#§J##
#####.##
#......##
.....####..#
..# ##5#
##.# ...
5...#


You could see a jelly and a crimson imp.

Vanquished Creatures
  Eustachio (D:4)
  Duvessa (D:4)
  An ice beast (D:6)
  An ogre (D:5)
  A centaur (D:8)
  A phantom (D:6)
  3 giant frogs (D:6)
  Dowan (D:4)
  A crimson imp (D:5)
  An orc priest (D:3)
  An iguana (D:6)
  A jelly (D:6)
  2 centaur skeletons (D:6)
  A hound (D:5)
  5 worker ants
  An orc wizard (D:3)
  A worker ant zombie (D:5)
  4 adders
  2 oozes (D:3)
  2 worms (D:3)
  An adder skeleton (D:4)
  6 giant geckos
  4 orcs (D:3)
  A ball python (D:1)
  10 bats
  5 giant cockroaches
  7 goblins
  6 hobgoblins
  13 jackals
  7 kobolds
  4 quokkas
  7 giant newts
  A quokka skeleton (D:4)
  7 rats
111 creatures vanquished.

Notes
Turn   | Place    | Note
--------------------------------------------------------------
     0 | D:1      | imganon the Demonspawn Berserker began the quest for the Orb.
     0 | D:1      | Reached XP level 1. HP: 18/18 MP: 1/1
    79 | D:1      | Gained mutation: You are partially covered in rough black scales (AC +4, Dex -1). [demonic ancestry]
    79 | D:1      | Reached XP level 2. HP: 18/24 MP: 2/2
   137 | D:1      | Reached ** piety under Trog
   373 | D:1      | Reached XP level 3. HP: 29/29 MP: 3/3
   399 | D:1      | Reached skill level 4 in Axes
   662 | D:2      | Found a burning altar of Makhleb.
  1209 | D:2      | Reached *** piety under Trog
  1500 | D:3      | Gained mutation: You are mostly covered in rough black scales (AC +7, Dex -2). [demonic ancestry]
  1500 | D:3      | Reached XP level 4. HP: 33/35 MP: 4/4
  1563 | D:3      | Reached skill level 1 in Stealth
  2308 | D:3      | Reached skill level 5 in Axes
  2308 | D:3      | Gained mutation: You have sharp fingernails. [demonic ancestry]
  2308 | D:3      | Reached XP level 5. HP: 17/41 MP: 5/5
  2694 | D:4      | Noticed Eustachio
  2706 | D:4      | Killed Eustachio
  2706 | D:4      | Reached skill level 6 in Axes
  2706 | D:4      | Reached XP level 6. HP: 47/47 MP: 6/6
  2760 | D:4      | Noticed Dowan
  2772 | D:4      | Noticed Duvessa
  2782 | D:4      | Killed Duvessa
  2784 | D:4      | Killed Dowan
  3066 | D:4      | Found a sacrificial altar of Ru.
  3412 | D:5      | Entered Level 5 of the Dungeon
  3429 | D:5      | Found a shadowy altar of Dithmenos.
  3438 | D:5      | Reached skill level 7 in Axes
  3438 | D:5      | Gained mutation: You regenerate a little health from kills. [demonic ancestry]
  3438 | D:5      | Reached XP level 7. HP: 52/52 MP: 7/7
  3862 | D:5      | Found a bloodstained altar of Trog.
  4339 | D:6      | Reached skill level 8 in Axes
  4493 | D:6      | Reached **** piety under Trog
  4521 | D:6      | Reached XP level 8. HP: 15/58 MP: 8/8
  4599 | D:6      | Found an ancient bone altar of Kikubaaqudgha.
  4644 | D:6      | Found a staircase to the Ecumenical Temple.
  4692 | D:6      | Reached skill level 9 in Axes
  4768 | D:6      | Found a sparkling altar of Nemelex Xobeh.
  4898 | D:6      | You fall through a shaft for 2 floors!
  4989 | D:8      | Splashed by a jelly's acid

Action                   |  1- 3 |  4- 6 |  7- 9 || total
-------------------------+-------+-------+-------++-------
Melee: Hand axe          |   142 |   173 |   243 ||   558
Invok: Berserk           |     1 |     3 |     2 ||     6
Evoke: Wand              |       |     1 |       ||     1
  Use: Potion            |       |     5 |     3 ||     8
 Stab: Sleeping          |     1 |       |       ||     1
  Eat: Chunk             |     3 |     7 |     3 ||    13
       Beef jerky        |       |     1 |       ||     1
       Bread ration      |       |     1 |       ||     1
